 Dungeon Crawl Stone Soup version 0.18.1-48-g4cf74bf (webtiles) character file.

2972 Jebus the Basher (level 9, -5/50 HPs)
             Began as a Gargoyle Gladiator on Sept 3, 2016.
             Was a Follower of Okawaru.
             Slain by an ice beast (13 damage)
             ... on level 8 of the Dungeon on Sept 4, 2016.
             The game lasted 00:17:04 (8442 turns).

Jebus the Basher (Gargoyle Gladiator)               Turns: 8442, Time: 00:17:04

Health: -5/50      AC: 15    Str: 21    XL:     9   Next: 82%
Magic:  9/9        EV: 10    Int: 14    God:    Okawaru [*.....]
Gold:   408        SH:  0    Dex: 10    Spells: 0 memorised, 8 levels left

rFire  + + .     SeeInvis .     a - +1 flail
rCold  x . .     Gourm    .     q - +1 fire dragon armour
rNeg   + . .     Faith    .     (no shield)
rPois  ∞         Spirit   .     c - +0 helmet
rElec  +         Dismiss  .     (no cloak)
rCorr  .         Reflect  .     (no gloves)
SustAt .         Harm     .     (no boots)
MR     .....                    (no amulet)
Stlth  ..........               x - +4 ring of intelligence
                                (no ring)

@: not resistant to hostile enchantments, extremely unstealthy
A: negative energy resistance 1, electricity resistance, unbreathing,
petrification resistance, rot immunity, AC +5
a: Heroism, Renounce Religion


You were on level 8 of the Dungeon.
You worshipped Okawaru.
Okawaru was aware of your devotion.
You were not hungry.

You visited 2 branches of the dungeon, and saw 9 of its levels.

You collected 408 gold pieces.

Inventory:

Hand Weapons
 a - a +1 flail (weapon)
Missiles
 d - a throwing net (quivered)
Armour
 b - a +0 leather armour
 c - a +0 helmet (worn)
 q - a +1 fire dragon armour (worn)
Jewellery
 x - a +4 ring of intelligence (right hand)
Wands
 h - a wand of lightning (9/15)
 k - a wand of flame (28/48)
 l - a wand of polymorph (3/24)
 p - a wand of polymorph (12/24)
 v - a wand of digging (13/24)
 w - a wand of paralysis (18/24)
 z - a wand of lightning (3/15)
 A - a wand of acid (9/15)
 F - a wand of paralysis (12/24)
 I - a wand of random effects (18/48)
 J - a wand of acid (2/15)
Scrolls
 i - a scroll of immolation
 j - 3 scrolls of remove curse
 n - 6 scrolls of teleportation
 s - 3 scrolls of blinking
 u - 3 scrolls of noise
 y - a scroll of enchant armour
Potions
 e - a potion of berserk rage
 g - 3 potions of degeneration
 o - 5 potions of curing
 r - 2 potions of resistance
 t - 4 potions of might
 B - 2 potions of brilliance
 C - 4 potions of mutation
 E - a potion of cure mutation
 G - a potion of lignification
 H - a potion of agility {unknown}
 L - a potion of haste {unknown}
Books
 N - a book of Beasts

   Spells                             Type                      Level
   a - Summon Butterflies             Summoning                    1
   b - Call Canine Familiar           Summoning                    3
   c - Summon Ice Beast               Ice/Summoning                4
   d - Summon Mana Viper              Hexes/Summoning              5
   e - Summon Hydra                   Summoning                    7
Comestibles
 f - 3 bread rations
 m - 6 meat rations
 D - 24 fruits
 K - a royal jelly
 M - a beef jerky


   Skills:
 + Level 3.1 Fighting
 - Level 13.0 Maces & Flails
 - Level 1.7 Throwing
 - Level 2.4 Dodging


You had 8 spell levels left.
You didn't know any spells.

Dungeon Overview and Level Annotations

Branches:
Dungeon (8/15)             Temple (1/1) D:6
   Lair: D:8-11

Altars:
Ashenzari
Cheibriados
Dithmenos
Elyvilon
Fedhas
Gozag
Kikubaaqudgha
Makhleb
Nemelex Xobeh
Okawaru
Pakellas
Qazlal
Ru
Sif Muna
Trog
Vehumet
Xom
Yredelemnul
Zin
The Shining One


Innate Abilities, Weirdness & Mutations

You are resistant to torment.
Your stone body is resilient (AC +5).
You are immune to poison.
You resist negative energy.
You are resistant to electric shocks.
You can survive without breathing.
You are immune to petrification.
You are immune to rotting.


Message History

The ice beast is moderately wounded.
The ice beast hits you. The ice beast freezes you!!
You feel a terrible chill!
You sock the ice beast!
The ice beast is almost dead.
The ice beast closely misses you.
You barely miss the ice beast.
The ice beast is almost dead.
You hit the ice beast but do no damage.
The ice beast is almost dead.
The ice beast hits you. The ice beast freezes you!!
You feel a terrible chill!
* * * LOW HITPOINT WARNING * * *
You are too injured to fight recklessly!
You are too injured to fight recklessly!
You are too injured to fight recklessly!
You closely miss the ice beast.
The ice beast is almost dead.
The ice beast hits you.
* * * LOW HITPOINT WARNING * * *
The ice beast freezes you!
You feel a terrible chill!
You die...

#.....#
#......##
#.....#
#.?.......
#.###.#
#.########
#.###.####
#.#
.........#
#####.#
#.###.##.#
#...#.#
#...#.##.#
#.....#
.##.#.##.#
###.########
.##.#.##.#
#.@Y......
..#.#.##.#
##########
#.#.#.##.#
#.#....#.#
#.###..#.#
#.###..#.#
#..##..#.#
##.##..#.#
#.##..#.#


You could see an ice beast.

Vanquished Creatures
  Sigmund (D:6)
  The ghost of mandarbmax the Poker, an amateur DsSk of Gozag (D:4)
  The ghost of CaptainSham the Vandal, an amateur HaHu (D:3)
  A sky beast (D:5)
  A water moccasin (D:8)
  2 ice beasts
  3 phantoms
  A centaur (D:5)
  An ogre (D:7)
  A big kobold (D:8)
  2 giant frogs
  2 scorpions (D:6)
  6 crimson imps
  A giant frog zombie (D:8)
  A centaur zombie (D:5)
  2 jellies
  A quasit (D:7)
  4 hounds
  A giant frog skeleton (D:7)
  4 orc priests
  A centaur skeleton (D:5)
  4 orc wizards
  3 iguanas
  7 worker ants
  A hound zombie (D:5)
  3 hound skeletons
  A howler monkey zombie (D:3)
  4 howler monkey skeletons
  A worker ant zombie (D:8)
  8 gnolls
  11 adders
  An ooze (D:2)
  2 adder zombies
  4 worms
  3 dart slugs
  3 giant geckos
  28 orcs
  4 ball pythons
  6 bats
  4 giant cockroaches
  8 hobgoblins
  7 jackals
  5 kobolds
  7 quokkas
  A giant cockroach zombie (D:6)
  7 giant newts
  11 goblins
  A quokka skeleton (D:8)
  A quokka zombie (D:4)
  9 rats
193 creatures vanquished.

Notes
Turn   | Place    | Note
--------------------------------------------------------------
     0 | D:1      | Jebus the Gargoyle Gladiator began the quest for the Orb.
     0 | D:1      | Reached XP level 1. HP: 12/12 MP: 1/1
   134 | D:1      | Reached XP level 2. HP: 14/17 MP: 2/2
   956 | D:1      | Reached skill level 4 in Maces & Flails
  1149 | D:2      | Reached XP level 3. HP: 18/21 MP: 3/3
  1259 | D:2      | Found a white marble altar of Elyvilon.
  1387 | D:2      | Found a bloodstained altar of Trog.
  1830 | D:3      | Found a faded altar to an unknown god.
  1859 | D:3      | Reached XP level 4. HP: 26/26 MP: 4/4
  1897 | D:3      | Reached skill level 5 in Maces & Flails
  1936 | D:3      | Noticed CaptainSham's ghost (amateur HaHu)
  1967 | D:3      | Killed CaptainSham's ghost
  1967 | D:3      | Reached skill level 6 in Maces & Flails
  1967 | D:3      | Reached XP level 5. HP: 22/30 MP: 5/5
  2208 | D:3      | Reached XP level 6. HP: 33/35 MP: 6/6
  2765 | D:4      | Reached skill level 7 in Maces & Flails
  2882 | D:4      | Found a snail-covered altar of Cheibriados.
  2943 | D:4      | Noticed mandarbmax's ghost (amateur DsSk)
  3052 | D:4      | Killed mandarbmax's ghost
  3052 | D:4      | Reached XP level 7. HP: 25/40 MP: 7/7
  3087 | D:4      | Reached skill level 8 in Maces & Flails
  3589 | D:5      | Entered Level 5 of the Dungeon
  3862 | D:5      | Reached skill level 9 in Maces & Flails
  4093 | D:5      | Reached XP level 8. HP: 44/44 MP: 8/8
  4635 | D:5      | Reached skill level 10 in Maces & Flails
  5183 | D:6      | Found a staircase to the Ecumenical Temple.
  5215 | Temple   | Entered the Ecumenical Temple
  5484 | Temple   | Became a worshipper of Warmaster Okawaru
  5609 | D:6      | Noticed Sigmund
  5619 | D:6      | Killed Sigmund
  5619 | D:6      | Reached skill level 11 in Maces & Flails
  5689 | D:6      | Reached XP level 9. HP: 40/48 MP: 9/9
  6962 | D:7      | Reached skill level 12 in Maces & Flails
  7354 | D:7      | Found a shimmering altar of Xom.
  7355 | D:7      | Found an oddly glowing altar of Pakellas.
  7357 | D:7      | Found a glowing silver altar of Zin.
  7359 | D:7      | Found a white marble altar of Elyvilon.
  7538 | D:7      | Reached * piety under Okawaru
  8004 | D:8      | Reached skill level 13 in Maces & Flails
  8063 | D:8      | Found a sparkling altar of Nemelex Xobeh.
  8442 | D:8      | Slain by an ice beast

Skill      XL: |  1  2  3  4  5  6  7  8  9 |
---------------+----------------------------+-----
Maces & Flails | 4 6 7 9 11 13 | 13.0
Fighting       | 3 |  3.1
Throwing       | |  1.7
Dodging        | |  2.4

Action                   |  1- 3 |  4- 6 |  7- 9 || total
-------------------------+-------+-------+-------++-------
Melee: Flail             |   116 |   244 |   618 ||   978
Throw: Throwing net      |       |     1 |     2 ||     3
Invok: Heroism           |       |       |     1 ||     1
Evoke: Wand              |       |     1 |       ||     1
  Use: Scroll            |       |       |    27 ||    27
 Stab: Held in net/web   |       |       |     2 ||     2
  Eat: Chunk             |     3 |     4 |    10 ||    17
       Beef jerky        |       |       |     2 ||     2
       Fruit             |       |       |     1 ||     1
       Bread ration      |       |       |     1 ||     1
Armor: Leather armour    |    32 |       |       ||    32
       Fire dragon armou |    35 |   138 |   296 ||   469
Dodge: Dodged            |    75 |   120 |   260 ||   455
